 Dungeon Crawl Stone Soup version 0.28-a0-479-g5baa6b73be (webtiles) character file.

Game seed: 5393788260657631914

163583 dolemite99 the Warrior (level 17, -5/158 HPs)
             Began as a Hill Orc Fighter on Sept 19, 2021.
             Was an Elder of the Shining One.
             Slain by a wolf spider (10 damage)
             ... on level 3 of the Spider Nest.
             The game lasted 00:53:21 (47040 turns).

dolemite99 the Warrior (Hill Orc Fighter)          Turns: 47040, Time: 00:53:22

Health: -5/158     AC: 26    Str: 26    XL:     17   Next: 83%
Magic:  23/28      EV:  8    Int:  8    God:    the Shining One [****..]
Gold:   2799       SH:  0    Dex: 10    Spells: 21/21 levels left

rFire   + + .      SeeInvis .   a - +0 battleaxe (flame)
rCold   + . .      Faith    .   (shield currently unavailable)
rNeg    + + .      Spirit   .   g - +1 plate armour {rF+}
rPois   +          Reflect  .   Q - +1 helmet
rElec   +          Harm     .   D - +1 cloak {Will+}
rCorr   +          Rampage  .   (no gloves)
Will    ++...                   (no boots)
Stlth   ..........              R - amulet of the acrobat
HPRegen 0.36/turn               z - +4 ring of protection {=R}
MPRegen 0.21/turn               f - ring of poison resistance

@: resistant, glowing
A: no striking features
a: Renounce Religion, Divine Shield, Cleansing Flame


You were on level 3 of the Spider Nest.
You worshipped the Shining One.
The Shining One was greatly pleased with you.
You visited 5 branches of the dungeon, and saw 27 of its levels.
You also visited: Ossuary.

You collected 4187 gold pieces.
You spent 1388 gold pieces at shops.

Inventory:

Hand Weapons
 a - a +0 battleaxe of flaming (weapon)
 b - the +8 arbalest "Viuginn" {vorpal, Dex+2 Stlth+}
   (You bought it in a shop on level 2 of the Orcish Mines)

   Any ammunition fired from it inflicts extra damage upon your enemies.
   Dex:       It affects your dexterity (+2).
   Stlth:     It makes you more stealthy.
 s - the +5 arbalest of Greatest Utility {vorpal, +Blink}
   (You found it on level 6 of the Dungeon)

   Any ammunition fired from it inflicts extra damage upon your enemies.
   +Blink:    It lets you blink.
 y - the +8 whip "Snakebite" {venom, curare, rPois}
   (You found it on level 1 of the Lair of Beasts)

   It poisons the flesh of those it strikes.
   It occasionally inflicts asphyxiating poison on those it strikes, dealing
   poison damage and causing slowness.
   rPois:     It protects you from poison.
 K - the +5 flail of Doom {flame, rC+++}
   (You found it on level 15 of the Dungeon)

   It burns those it strikes, dealing additional fire damage.
   rC:        It renders you almost immune to cold.
Missiles
 P - 66 bolts
Armour
 g - a +1 plate armour of fire resistance (worn)
 i - a +3 chain mail of cold resistance
 D - a +1 cloak of willpower (worn)
 M - a scarf of repulsion
 Q - a +1 helmet (worn)
Jewellery
 d - an amulet of regeneration
 f - a ring of poison resistance (right hand)
 n - a ring of protection from fire
 o - a +6 ring of strength
 r - a ring of the Octopus King {Fly AC+1 EV+1 Str+1 Int+1 Dex+1}
   (You found it on level 6 of the Lair of Beasts)

   [ring of flight]

   AC:        It affects your AC (+1).
   EV:        It affects your evasion (+1).
   Str:       It affects your strength (+1).
   Int:       It affects your intelligence (+1).
   Dex:       It affects your dexterity (+1).
   Fly:       It grants you flight.
 x - a ring of resist corrosion
 z - a +4 ring of protection (left hand) {=R}
 G - an amulet of magic regeneration
 R - an amulet of the acrobat (around neck)
 S - a ring of willpower
Wands
 j - a wand of polymorph (26)
 l - a wand of mindburst (37)
 m - a wand of paralysis (35)
 B - a wand of digging (15)
 I - a wand of acid (7)
 U - a wand of iceblast (21)
 Y - a wand of charming (9)
Scrolls
 c - a scroll of fear
 e - 8 scrolls of vulnerability
 u - 6 scrolls of enchant armour
 w - 5 scrolls of magic mapping
 N - 9 scrolls of teleportation
 O - a scroll of enchant weapon
 V - 2 scrolls of silence
 W - 10 scrolls of identify {@r1}
 Z - 5 scrolls of amnesia
Potions
 h - 4 potions of ambrosia
 k - a potion of resistance
 p - 4 potions of lignification
 t - 5 potions of invisibility
 v - a potion of brilliance
 A - a potion of berserk rage
 C - 4 potions of cancellation
 F - 2 potions of attraction
 H - 10 potions of flight
 J - a potion of magic
 L - 2 potions of might
 X - 3 potions of haste
Miscellaneous
 T - a condenser vane


   Skills:
 + Level 16.1 Fighting
 + Level 13.6(15.6) Axes
 - Level 11.2(13.1) Maces & Flails
 - Level 12.2 Crossbows
 + Level 14.0 Armour
 - Level 3.2 Shields
 - Level 2.7 Spellcasting
 + Level 14.7 Invocations
 - Level 11.5 Evocations


You had 21 spell levels left.
You didn't know any spells.
Your spell library contained the following spells:

 Spells                   Type           Power      Damage    Failure   Level
 Animate Skeleton         Necr           2%         N/A       94%         1
 Apportation              Tloc           2%         N/A       94%         1
 Beastly Appendage        Tmut           2%         N/A       94%         1
 Freeze                   Ice            4%         1d3       94%         1
 Magic Dart               Conj           4%         1d3       94%         1
 Summon Small Mammal      Summ           4%         N/A       94%         1
 Call Imp                 Summ           1%         N/A       98%         2
 Slow                     Hex            1%         N/A       98%         2
 Static Discharge         Conj/Air       1%         N/A       98%         2
 Sublimation of Blood     Necr           0%         N/A       98%         2
 Wereblood                Tmut           1%         N/A       98%         2
 Call Canine Familiar     Summ           1%         N/A       100%        3
 Confusing Touch          Hex            1%         N/A       100%        3
 Dazzling Flash           Conj/Hex       2%         N/A       100%        3
 Frozen Ramparts          Ice            2%         1d2       100%        3
 Inner Flame              Hex/Fire       1%         N/A       100%        3
 Mephitic Cloud           Conj/Pois/Air  1%         N/A       100%        3
 Spider Form              Tmut/Pois      0%         N/A       100%        3
 Summon Guardian Golem    Hex/Summ       1%         N/A       100%        3
 Vampiric Draining        Necr           0%         2d6       100%        3
 Cause Fear               Hex            0%         N/A       100%        4
 Dispel Undead            Necr           1%         3d6       100%        4
 Fulminant Prism          Conj/Hex       0%         3d6       100%        4
 Hailstorm                Conj/Ice       1%         3d3       100%        4
 Iskenderun's Mystic Bla  Conj/Tloc      1%         2d3       100%        4
 Leda's Liquefaction      Hex/Erth       0%         N/A       100%        4
 Olgreb's Toxic Radiance  Pois           1%         N/A       100%        4
 Petrify                  Tmut/Erth      1%         N/A       100%        4
 Sticky Flame             Conj/Fire      1%         2d3       100%        4
 Blade Hands              Tmut           0%         N/A       100%        5
 Irradiate                Conj/Tmut      0%         3d13      100%        5
 Lee's Rapid Deconstruct  Erth           0%         3d5*      100%        5
 Summon Forest            Summ/Tloc      0%         N/A       100%        5
 Summon Mana Viper        Hex/Summ       1%         N/A       100%        5
 Starburst                Conj/Fire      0%         6d3       100%        6
 Statue Form              Tmut/Erth      0%         N/A       100%        6
 Summon Cactus Giant      Summ           0%         N/A       100%        6
 Dragon Form              Tmut           0%         N/A       100%        7
 Ozocubu's Refrigeration  Ice            0%         4d5       100%        7
 Spellforged Servitor     Conj/Summ      0%         N/A       100%        7
 Summon Hydra             Summ           0%         N/A       100%        7
 Discord                  Hex            0%         N/A       100%        8
 Ignition                 Fire           0%         3d3       100%        8


Dungeon Overview and Level Annotations

Branches:
Dungeon (15/15)            Temple (1/1) D:5            Lair (6/6) D:8
  Swamp (0/4) Lair:3       Spider (3/4) Lair:4        Slime (0/5) Lair:6
    Orc (2/2) D:11            Elf (0/3) Orc:2        Vaults (0/5) D:13
 Depths (0/5) D:15        Ossuary (visited)

Altars:
Ashenzari
Cheibriados
Dithmenos
Elyvilon
Fedhas
Gozag
Hepliaklqana
Kikubaaqudgha
Makhleb
Nemelex Xobeh
Okawaru
Qazlal
Ru
Sif Muna
Trog
Uskayaw
Vehumet
Wu Jian
Xom
Yredelemnul
Zin
The Shining One
Beogh

Shops:
D:12 =   D:14 *   Orc:2 (:[*

Portals:
Trove: D:13 (give +2 storm dragon scales)

Annotations:
D:3 1 runed translucent door
D:5 exclusion: statue
D:14 exclusion: ice statue
Lair:2 1 runed translucent door
Lair:4 exclusion: downstairs
Spider:1 2 transporters, exclusion: oklob plant, lessens's ghost, journeyman DsIE
Abyss:1 Menkaure


Message History

The spark wasp is severely wounded.
The spark wasp stings you! The spark wasp shocks you!
You slash the spark wasp! You burn the spark wasp.
The spark wasp is almost dead.
The spark wasp stings you!!
* * * LOW HITPOINT WARNING * * *
The spark wasp shocks you!
* * * LOW HITPOINT WARNING * * *
A wolf spider comes into view.
The spark wasp completely misses you.
You feel protected.
The spark wasp stings you but does no damage.
The wolf spider hits you!
* * * LOW HITPOINT WARNING * * *
The wolf spider bites you!
* * * LOW HITPOINT WARNING * * *
You feel better. The spark wasp completely misses you.
The wolf spider barely misses you.
The wolf spider bites you but does no damage.
The spark wasp stings you!
* * * LOW HITPOINT WARNING * * *
The spark wasp shocks you. You resist. The Shining One protects you from harm!
You feel better. The wolf spider hits you!
* * * LOW HITPOINT WARNING * * *
The wolf spider bites you but does no damage.
The spark wasp stings you but does no damage.
The wolf spider hits you but does no damage.
The wolf spider bites you but does no damage.
The golden flame engulfs you but does no damage.
You resist.
The golden flame engulfs the spark wasp!!
You kill the spark wasp!
The golden flame engulfs the wolf spider!!
The wolf spider is heavily wounded.
You hear an angry hiss.
You hear a shout!
You hear an angry hiss. x5
You hear a hideous shriek!
You hear an angry hiss. x3
The wolf spider hits you but does no damage.
The wolf spider bites you!
You die...

#...# ....#
. . .#..
###.. ..#
... #..^
..#.. #...
...#..#
#.#††s.#
#.?@^.#
#..^.#..###
#^. #..## .
...# ....
#####


You could see a wolf spider.

Vanquished Creatures
  Jorgrun (Spider:1)
  An emperor scorpion (Spider:2)
  An orc warlord (Orc:2)
  Azrael (Spider:2)
  An entropy weaver (Spider:1)
  A spark wasp (Spider:3)
  A spark wasp (shapeshifter) (D:14)
  An ettin (D:15)
  Josephine (D:11)
  Snorg (Orc:2)
  8 boulder beetles
  8 vault guards (D:13)
  8 centaur warriors
  An ogre mage (D:14)
  A catoblepas (Lair:6)
  A merfolk avatar (Lair:6)
  5 death yaks
  13 hydras
  An alligator (Lair:4)
  4 two-headed ogres
  3 orc high priests (Orc:2)
  Urug (Lair:4)
  A tengu warrior (D:14)
  Sonja (D:11)
  A deep troll (D:15)
  A flayed ghost (D:14)
  3 wizards
  A sea snake (Lair:6)
  2 orc knights (Orc:2)
  2 harpies (Lair:6)
  2 necromancers
  4 deep elf pyromancers (D:14)
  2 deep elf zephyrmancers
  20 wolf spiders
  5 orb spiders
  4 orc sorcerers
  4 ugly things
  6 cyclopes
  3 manticores
  33 elephants
  A moth of wrath (Spider:2)
  A centaur zombie (D:11)
  7 gargoyles
  6 black mambas
  13 cane toads
  A kobold demonologist (D:13)
  A yaktaur (D:14)
  10 demonic crawlers
  5 rime drakes
  16 komodo dragons
  6 polar bears
  23 jumping spiders
  5 hornets
  6 meliai
  A wind drake (Lair:6)
  9 trolls
  A wind drake (shapeshifter) (D:14)
  5 snapping turtles (Lair:6)
  Grinder (D:4)
  14 slime creatures
  20 blink frogs
  5 dream sheep
  2 shadows
  35 redbacks
  24 yaks
  A spriggan (Lair:4)
  6 wraiths
  13 tarantellas
  A vampire (D:10)
  6 wyverns
  Grum (D:11)
  A steam dragon (Lair:6)
  6 basilisks
  3 fire elementals (Spider:2)
  A redback simulacrum (D:14)
  8 vampire mosquitoes
  A hell hound (Spider:2)
  27 water moccasins
  23 orc warriors
  5 black bears
  An ice beast (D:6)
  6 ogres
  11 centaurs
  A boggart (D:14)
  35 wolves
  A phantom (D:6)
  The ghost of yellowboar the Digger, an amateur OpEE (D:3)
  An elf zombie (Ossuary)
  A wyvern zombie (D:9)
  17 bullfrogs
  A gnoll sergeant (D:11)
  A scorpion (D:4)
  A water moccasin zombie (D:5)
  A wyvern skeleton (D:5)
  3 killer bees (D:10)
  10 wights
  6 electric eels (D:8)
  8 hounds
  A jelly (D:6)
  20 orc priests
  A centaur skeleton (D:7)
  3 gnoll shamans
  Crazy Yiuf (D:3)
  A bullfrog skeleton (D:5)
  3 iguanas
  22 orc wizards
  Natasha (thrice) (D:3)
  11 hell rats (Lair:4)
  A scorpion zombie (D:5)
  2 killer bee zombies
  3 mummies (Ossuary)
  17 gnolls
  11 adders
  A river rat (Lair:3)
  A shadow imp (D:5)
  A white imp (D:5)
  2 ufetubi (D:7)
  2 adder zombies (Ossuary)
  2 adder skeletons (D:4)
  4 worms
  2 dart slugs (D:4)
  85 orcs
  4 bats
  6 endoplasms
  3 giant cockroaches
  8 goblins
  3 hobgoblins
  13 jackals
  8 kobolds
  2 quokkas
  8 ball pythons
  2 frilled lizards (D:1)
  2 gnoll zombies (Ossuary)
  3 goblin zombies (Ossuary)
  A hobgoblin zombie (Ossuary)
  A kobold zombie (Ossuary)
  An orc zombie (Ossuary)
  4 quokka zombies (Ossuary)
  3 rats
  3 rat zombies (Ossuary)
861 creatures vanquished.

Vanquished Creatures (collateral kills)
  Nikola (Spider:2)
  Louise (Spider:1)
  An orc warlord (Orc:2)
  A boulder beetle (D:14)
  A centaur warrior (D:14)
  Erica (D:11)
  A two-headed ogre (D:14)
  A tengu warrior (D:14)
  An orc high priest (Orc:2)
  An orc knight (Orc:2)
  An orc sorcerer (Orc:2)
  A wolf spider (Spider:1)
  An elephant (shapeshifter) (D:14)
  A demonic crawler (Spider:1)
  4 slime creatures (D:14)
  A redback (Spider:1)
  A wraith (D:14)
  An acid dragon (D:11)
  A warg (Orc:2)
  7 orc warriors (Orc:2)
  2 wolves (D:11)
  5 orc priests (Orc:2)
  4 orc wizards (Orc:2)
  11 orcs (Orc:2)
51 creatures vanquished.

Vanquished Creatures (others)
  2 orb spiders (Spider:2)
  A demonic crawler (Spider:2)
  A redback (Spider:2)
  An orc priest (Orc:2)
  60 fungi
  124 plants
  8 toadstools (Lair:2)
197 creatures vanquished.

Grand Total: 1109 creatures vanquished

Notes
Turn   | Place    | Note
-------+----------+-------------------------------------------
     0 | D:1      | dolemite99 the Hill Orc Fighter began the quest for the
                  | Orb.
     0 | D:1      | Reached XP level 1. HP: 19/19 MP: 1/1
   107 | D:1      | Reached XP level 2. HP: 21/26 MP: 2/2
   769 | D:2      | Reached skill level 1 in Maces & Flails
   779 | D:2      | Reached XP level 3. HP: 27/31 MP: 3/3
   835 | D:2      | Found a shimmering altar of Xom.
  1013 | D:2      | Found a faded altar of an unknown god.
  1073 | D:2      | Became a worshipper of the Shining One
  1073 | D:2      | Reached * piety under the Shining One
  1875 | D:3      | Reached XP level 4. HP: 37/39 MP: 4/4
  1991 | D:3      | Found a runed translucent door.
  2013 | D:3      | Noticed yellowboar's ghost (amateur OpEE)
  2126 | D:3      | Found a runed translucent door.
  2413 | D:3      | Noticed Natasha
  2425 | D:3      | Killed Natasha
  2566 | D:3      | Noticed Natasha
  2579 | D:3      | Killed Natasha
  2580 | D:3      | Reached XP level 5. HP: 23/45 MP: 5/5
  3049 | D:3      | Noticed Natasha
  3060 | D:3      | Killed Natasha
  3288 | D:3      | Found a runed translucent door.
  3289 | D:3      | Noticed Crazy Yiuf
  3289 | D:3      | Reached ** piety under the Shining One
  3294 | D:3      | Killed Crazy Yiuf
  3295 | D:3      | Reached skill level 5 in Maces & Flails
  3451 | D:3      | Killed yellowboar's ghost
  3452 | D:3      | Reached XP level 6. HP: 38/51 MP: 6/6
  3906 | D:4      | Reached XP level 7. HP: 57/57 MP: 7/7
  4038 | D:4      | Noticed Menkaure
  4049 | D:4      | Banished Menkaure
  4052 | D:4      | Found a snail-covered altar of Cheibriados.
  4402 | D:4      | Noticed Grinder
  4410 | D:4      | Killed Grinder
  4470 | D:4      | Reached XP level 8. HP: 64/64 MP: 8/8
  4493 | D:4      | Found an iron altar of Okawaru.
  4579 | D:5      | Entered Level 5 of the Dungeon
  4666 | D:5      | Found a broken altar of Ashenzari.
  4677 | D:5      | Found a radiant altar of Vehumet.
  4704 | D:5      | Found a blossoming altar of Fedhas.
  4713 | D:5      | Reached skill level 10 in Maces & Flails
  4809 | D:5      | Found a staircase to the Ecumenical Temple.
  4821 | D:5      | Reached *** piety under the Shining One
  5494 | Temple   | Entered the Ecumenical Temple
  6114 | D:5      | Reached skill level 4 in Fighting
  6277 | D:6      | Noticed a troll
  6284 | D:6      | Killed a troll
  6285 | D:6      | Reached skill level 5 in Fighting
  6285 | D:6      | Reached skill level 1 in Spellcasting
  6285 | D:6      | Reached XP level 9. HP: 54/74 MP: 8/11
  6696 | D:6      | Found an ornate altar of the Wu Jian Council.
  7158 | D:6      | Reached skill level 6 in Fighting
  8816 | D:7      | Reached skill level 5 in Armour
  8944 | D:7      | Reached skill level 1 in Invocations
  8955 | D:7      | Reached **** piety under the Shining One
  9435 | D:7      | Noticed a hornet
  9449 | D:7      | Banished a hornet
  9450 | D:7      | Reached skill level 5 in Invocations
  9467 | D:7      | Found a shimmering altar of Xom.
 10064 | D:8      | Reached XP level 10. HP: 82/83 MP: 14/14
 10278 | D:8      | Found a sand-covered staircase.
 10285 | Ossuary  | Entered an ossuary
 10655 | Ossuary  | Reached ***** piety under the Shining One
 11229 | D:8      | Found a burning altar of Makhleb.
 11229 | D:8      | Found a hide-covered altar of Uskayaw.
 11332 | D:8      | Reached skill level 7 in Fighting
 12345 | D:9      | Noticed a two-headed ogre
 12348 | D:9      | Killed a two-headed ogre
 12349 | D:9      | Reached skill level 8 in Fighting
 12472 | D:9      | Reached skill level 9 in Fighting
 12705 | D:9      | Reached XP level 11. HP: 97/97 MP: 15/17
 12785 | D:8      | Found a staircase to the Lair.
 12919 | D:8      | Noticed a two-headed ogre
 12926 | D:8      | Killed a two-headed ogre
 13273 | D:10     | Entered Level 10 of the Dungeon
 13393 | D:10     | Reached skill level 10 in Invocations
 13847 | D:10     | Found a shimmering blue altar of Sif Muna.
 14537 | D:11     | Found a staircase to the Orcish Mines.
 14537 | D:11     | Noticed Sonja
 14555 | D:11     | Killed Sonja
 14864 | D:11     | Noticed Josephine
 15168 | D:11     | Killed Josephine
 15371 | D:11     | Noticed Grum
 15386 | D:11     | Killed Grum
 15876 | D:11     | Noticed Erica
 15881 | D:11     | Killed Erica
 16324 | D:6      | Identified the +5 arbalest of Greatest Utility {vorpal,
                  | +Blink}
 16449 | Lair:1   | Entered Level 1 of the Lair of Beasts
 16487 | Lair:1   | Reached skill level 1 in Crossbows
 16487 | Lair:1   | Reached XP level 12. HP: 104/104 MP: 22/22
 16523 | Lair:1   | You fall into a shaft and drop 1 floor!
 17427 | Lair:1   | Reached skill level 5 in Crossbows
 18745 | Lair:1   | Found the +8 whip "Snakebite" {venom, curare, rPois}
 19021 | Lair:2   | Noticed a death yak
 19067 | Lair:2   | Killed a death yak
 19756 | Lair:2   | Reached XP level 13. HP: 77/111 MP: 23/23
 19988 | Lair:2   | Noticed a dire elephant
 19988 | Lair:2   | Noticed a dire elephant
 20010 | Lair:2   | Found a runed translucent door.
 20398 | Lair:3   | Reached skill level 10 in Crossbows
 20759 | Lair:3   | Found a staircase to the Swamp.
 21643 | Lair:3   | Reached skill level 10 in Fighting
 21928 | Lair:3   | Reached skill level 11 in Fighting
 22661 | Lair:4   | Noticed Urug
 22705 | Lair:4   | Reached XP level 14. HP: 109/125 MP: 24/24
 22716 | Lair:4   | Killed Urug
 23047 | Lair:4   | Reached skill level 12 in Fighting
 23371 | Lair:4   | Reached skill level 10 in Armour
 24043 | Lair:4   | Reached skill level 13 in Fighting
 24305 | Lair:4   | Found a hole to the Spider Nest.
 25922 | Lair:6   | Entered Level 6 of the Lair of Beasts
 26329 | Lair:5   | Reached skill level 1 in Evocations
 27264 | Lair:6   | Reached skill level 5 in Evocations
 27700 | Lair:6   | Reached XP level 15. HP: 137/137 MP: 25/25
 28056 | Lair:6   | Found a staircase to the Slime Pits.
 28837 | Lair:6   | Found the ring of the Octopus King
 28850 | Lair:6   | Identified a ring of the Octopus King {Fly AC+1 EV+1 Str+1
                  | Int+1 Dex+1}
 29295 | Orc:1    | Entered Level 1 of the Orcish Mines
 29335 | Orc:1    | Found a roughly hewn altar of Beogh.
 29599 | Orc:2    | Entered Level 2 of the Orcish Mines
 29599 | Orc:2    | Found a staircase to the Elven Halls.
 29737 | Orc:2    | Reached skill level 5 in Axes
 29989 | Orc:2    | Noticed Snorg
 29993 | Orc:2    | Killed Snorg
 29993 | Orc:2    | Noticed an orc warlord
 30008 | Orc:2    | Killed an orc warlord
 30316 | Orc:2    | Noticed an orc warlord
 31888 | Orc:2    | Killed an orc warlord
 31889 | Orc:2    | Reached skill level 10 in Axes
 32640 | Orc:2    | Found Fighua's Antique Armour Shoppe.
 32641 | Orc:2    | Found Zedechu's Antique Weapon Emporium.
 32643 | Orc:2    | Found Woeprezeur's General Store.
 32643 | Orc:2    | Found Lasoa's Book Shoppe.
 32659 | Orc:2    | Bought 14 bolts for 42 gold pieces
 32814 | Orc:2    | Bought an ivory arbalest for 304 gold pieces
 32814 | Orc:2    | Identified the +8 arbalest "Viuginn" {vorpal, Dex+2 Stlth+}
                  | (You bought it in a shop on level 2 of the Orcish Mines)
 32921 | Orc:2    | Bought an embroidered cloak for 255 gold pieces
 32927 | Orc:2    | Bought a glowing chain mail for 255 gold pieces
 32945 | Orc:2    | Bought a potion of heal wounds for 75 gold pieces
 32945 | Orc:2    | Bought a scroll of magic mapping for 52 gold pieces
 32945 | Orc:2    | Bought a ring of protection from fire for 375 gold pieces
 32945 | Orc:2    | Bought a scroll of identify for 30 gold pieces
 33517 | D:12     | Found a sparkling altar of Nemelex Xobeh.
 33734 | D:12     | Found Qeqon's Jewellery Emporium.
 34520 | D:13     | Reached skill level 14 in Fighting
 34520 | D:13     | Reached XP level 16. HP: 75/146 MP: 10/26
 34778 | D:13     | Found a gate to the Vaults.
 35239 | D:13     | Found a portal to a secret trove of treasure.
 35471 | D:14     | Found Gozag's Platinum Reserve.
 35506 | D:14     | Reached skill level 10 in Evocations
 36201 | D:14     | Identified the ring "Hiam" {Ice Will- rCorr Slay+2}
 37502 | D:14     | Got the Collected Works on Toxic Summoning
 37916 | D:14     | Found an opulent altar of Gozag.
 38515 | D:15     | Entered Level 15 of the Dungeon
 38669 | D:15     | Identified the +5 flail of Doom {flame, rC+++}
 39032 | D:15     | Reached skill level 15 in Fighting
 39830 | D:15     | Found a staircase to the Depths.
 40323 | D:15     | Found a stormy altar of Qazlal.
 40691 | D:15     | Reached XP level 17. HP: 156/156 MP: 27/27
 41101 | Spider:1 | Entered Level 1 of the Spider Nest
 41150 | Spider:1 | Noticed Jorgrun
 41686 | Spider:1 | Killed Jorgrun
 42627 | Spider:1 | Noticed Louise
 42674 | Spider:1 | Killed Louise
 43077 | Spider:1 | Found a transporter.
 43116 | Spider:1 | Noticed lessens's ghost (journeyman DsIE)
 43565 | Spider:1 | Found a transporter.
 44905 | Spider:2 | Noticed Nikola
 44912 | Spider:2 | Killed Nikola
 45480 | Spider:2 | Noticed Azrael
 45485 | Spider:2 | Killed Azrael
 45510 | Spider:2 | Reached skill level 16 in Fighting
 46872 | Spider:2 | Found a roughly hewn altar of Beogh.
 47038 | Spider:3 | HP: 4/158 [spark wasp (11)]
 47038 | Spider:3 | The Shining One protects you from harm!
 47040 | Spider:3 | Slain by a wolf spider

Illustrated notes

Levels and vault maps discovered:
D:1:      kennysheep_arrival_forest, layout_rooms, serial_bayou_lake_a
D:2:      layout_rooms, basic_altar, shapermc_ecumenical_altar_starsandcircs
D:3:      layout_basic, ebering_ghost_sewer_f, serial_bayou_pond_c,
          uniq_natasha, uniq_crazy_yiuf_cottage
D:4:      layout_rooms, kennysheep_slug_shrine, okawaru_altar_gauntlet_db,
          minmay_stone_trees_medium, minmay_misc_feat_plants,
          hangedman_decor_clover_reticule, uniq_grinder, uniq_menkaure
D:5:      layout_basic, ashenzari_altar_1, vehumet_statue, old_standard_altar,
          minmay_temple_entry_steel_oval, minmay_puff
D:6:      layout_loops_ring, nicolae_wu_jian_glorious_leap
D:7:      layout_basic, xom_teletrap_fun
D:8:      layout_loops_cross, jmf_multi_god_temple, erik_lair_island,
          enter_ossuary_3, minivault_1, kennysheep_potato
D:9:      layout_roguey, corexii_checkpoint_a
D:10:     layout_stronghold, mainiacjoe_overflow_small_starburst
D:11:     layout_rooms, david_orc_2, uniq_sonja, uniq_josephine, uniq_grum,
          uniq_erica
D:12:     lemuel_ice_spiral_2, layout_stronghold,
          minmay_shop_enchanted_jewellery, nemelex_spade_bored_becter
D:13:     layout_basic, erik_vaults_2, portal_ice_cave_entry_pillars_2,
          enter_trove_6, serial_bayou_pond_a
D:14:     minmay_the_grid_square_5x5_4x4_mashed
          [minmay_the_grid_square_5x5_n_small, minmay_the_grid_square_5x5_eight,
          minmay_the_grid_square_5x5_comb,
          minmay_the_grid_square_5x5_eight_small,
          minmay_the_grid_square_5x5_tetrominoes,
          minmay_the_grid_square_5x5_prize_itemx,
          minmay_the_grid_square_5x5_prize_gold,
          minmay_the_grid_square_5x5_dogpile, minmay_the_grid_square_5x5_meh,
          minmay_the_grid_square_5x5_prize_junk,
          minmay_the_grid_square_5x5_prize_pseudospiral,
          minmay_the_grid_square_5x5_one_wall,
          minmay_the_grid_square_5x5_shrine2,
          minmay_the_grid_square_5x5_two_walls_a,
          minmay_the_grid_square_5x5_three_small,
          minmay_the_grid_square_5x5_minivault], layout_irregular_city,
          nicolae_gozag_zags_fifth_avenue, drop_trap,
          hellmonk_bongcloud_opening, minmay_statue_bubble
D:15:     hangedman_depths_entry_civil_slaughter, layout_gridville,
          serial_bayou_pond_c, grunt_qazlal_clouds
Temple:   nicolae_temple_hex_pool
Lair:1:   minmay_guarded_unrand_snakebite, layout_chaotic_city, minmay_holes,
          chequers_serial_rivers_room_b
Lair:2:   gammafunk_lair_enchanted_lake, layout_hall_layers, beast_lair_carwin_8
Lair:3:   layout_gridlike, swamp_mist, pond, lemuel_fruit_tree,
          infiniplex_staircase_pool_2, serial_bayou_shore_b
Lair:4:   nzn_winding_woodlands_three_and_one
          [nzn_winding_woodlands_5x15_crooked, nzn_winding_woodlands_5x15_eye,
          nzn_winding_woodlands_5x15_pool, nzn_winding_woodlands_center_garden],
          layout_hall_layers, nicolae_spider_entry_orb_guardian,
          grunt_forest_stairs_clearing, uniq_urug
Lair:5:   layout_gridlike
Lair:6:   gammafunk_lair_ancient_temple, layout_cave_pods, slime_dummy
Spider:1: layout_chambers, nzn_ghost_randoct, uniq_louise, uniq_jorgrun
Spider:2: nicolae_spider_mines_2, nicolae_spider_some_kinda_spiderbox,
          uniq_nikola, uniq_azrael
Spider:3: layout_spider_delve
Orc:1:    layout_diamond_mine, basic_altar
Orc:2:    st_orc_congregation, layout_caves, nicolae_orc_damp_corner, uniq_snorg

Skill      XL: |  1  2  3  4  5  6  7  8  9 10 11 12 13 14 15 16 17 |
---------------+----------------------------------------------------+-----
Axes           | 3 4 10 12 13 | 13.6
Maces & Flails | 1 2 4 6 7 9 11 | 11.2
Fighting       | 5 6 9 11 13 14 15 16 | 16.1
Spellcasting   | 1 2 |  2.7
Armour         | 5 8 9 11 13 14 | 14.0
Invocations    | 6 8 14 | 14.7
Crossbows      | 1 9 11 12 | 12.2
Evocations     | 6 9 11 | 11.5
Shields        | |  3.2

Action                   |  1- 3 |  4- 6 |  7- 9 | 10-12 | 13-15 | 16-18 || total
-------------------------+-------+-------+-------+-------+-------+-------++-------
Melee: War axe           |    26 |       |       |       |       |       ||    26
       Whip              |    53 |   121 |   229 |   555 |   425 |   124 ||  1507
       Arbalest          |       |       |       |       |       |     3 ||     3
       Battleaxe         |       |       |       |       |       |    78 ||    78
 Fire: Arbalest          |       |       |       |    37 |   616 |   432 ||  1085
Throw: Stone             |    58 |    61 |    70 |       |       |       ||   189
       Javelin           |       |       |    31 |    14 |       |       ||    45
       Dart              |       |       |       |    80 |    16 |       ||    96
       Throwing net      |       |       |       |       |     1 |       ||     1
Invok: Cleansing Flame   |       |       |       |    19 |    23 |    27 ||    69
       Summon Divine War |       |       |       |     1 |     4 |     5 ||    10
Evoke: Wand              |       |       |       |    22 |     5 |     7 ||    34
  Use: Potion            |     1 |       |       |     3 |     1 |    17 ||    22
       Scroll            |       |       |    19 |     7 |     9 |     2 ||    37
Armor: Scale mail        |    25 |    26 |    36 |       |       |       ||    87
       Chain mail        |       |       |    28 |       |       |       ||    28
       Plate armour      |       |       |     3 |   208 |   406 |   459 ||  1076
Dodge: Dodged            |    27 |    30 |    53 |   215 |   300 |   275 ||   900
Block: Buckler           |    16 |    19 |    32 |    67 |       |       ||   134

Table legend: (Time is in decaauts)
 A = Elapsed time spent in this place.
 B = Non-inter-level travel time spent in this place.
 C = Inter-level travel time spent in this place.
 D = Time resting spent in this place.
 E = Time spent auto-exploring this place.
 F = Levels seen in this place.
 G = Mean time per level.
                   A        B        C        D        E       F      G
               +--------+--------+--------+--------+--------+-----+--------+
         Total |  46946 |  45219 |   1727 |  18757 |  18649 |  28 | 1676.6 |
       Dungeon |  24003 |  23004 |    999 |   8339 |  10911 |  15 | 1600.2 |
        Temple |     93 |     74 |     19 |      0 |     62 |   1 |   93.0 |
          Lair |  13686 |  13191 |    495 |   6160 |   4765 |   6 | 2281.0 |
   Spider Nest |   4955 |   4922 |     33 |   2403 |   1572 |   3 | 1651.7 |
  Orcish Mines |   3773 |   3593 |    180 |   1654 |   1211 |   2 | 1886.5 |
       Ossuary |    433 |    433 |      0 |    200 |    127 |   1 |  433.0 |
               +--------+--------+--------+--------+--------+-----+--------+

Top non-repeatable levels by time:
  Lair:4: 3226 daAuts
Spider:1: 3154 daAuts
  Lair:6: 2591 daAuts
     D:8: 2408 daAuts
    D:15: 2407 daAuts
    D:14: 2372 daAuts
     D:6: 2354 daAuts
   Orc:2: 2321 daAuts
  Lair:3: 2301 daAuts
  Lair:2: 2258 daAuts
    D:13: 2078 daAuts
    D:10: 2013 daAuts
     D:3: 1946 daAuts
Spider:2: 1785 daAuts
  Lair:5: 1778 daAuts
